 Dungeon Crawl Stone Soup version 0.17-a0-2147-gfb20a63 (webtiles) character file.

1144 st0uf the Destroyer (level 8, -7/41 HPs)
             Began as a Tengu Air Elementalist on Oct 24, 2015.
             Was a Follower of Vehumet.
             Mangled by Joseph
             ... wielding a +0 quarterstaff
              (8 damage)
             ... on level 7 of the Dungeon.
             The game lasted 00:42:45 (7998 turns).

st0uf the Destroyer (Tengu Air Elementalist)        Turns: 7998, Time: 00:42:46

Health: -7/41      AC:  3    Str: 15    XL:     8   Next: 37%
Magic:  6/15       EV: 13    Int: 17    God:    Vehumet [*.....]
Gold:   276        SH:  0    Dex: 14    Spells: 5 memorised, 8 levels left

rFire  + . .     SeeInvis .     i - +0 trident "Riehaexi" {freeze, +Inv rF+ rC+ Str+3} (curse)
rCold  + . .     Clarity  .     A - +1 robe {rN+}
rNeg   + . .     SustAt   .     (no shield)
rPois  +         Gourm    .     (helmet restricted)
rElec  .         Spirit   .     (no cloak)
rCorr  .         Warding  .     (no gloves)
rMut   .         Stasis   .     (boots unavailable)
MR     .....                    r - amulet of regeneration
Stlth  ++........               (no ring)
                                l - +1 ring of evasion

@: repel missiles, not resistant to hostile enchantments, unstealthy
A: beak, talons 3, low mp 1, poison resistance, strong 1, able to fly 1
a: Fly, Renounce Religion, Evoke Invisibility


You were on level 7 of the Dungeon.
You worshipped Vehumet.
Vehumet was aware of your devotion.
You were not hungry.

You visited 1 branch of the dungeon, and saw 7 of its levels.

You collected 276 gold pieces.

Inventory:

Hand Weapons
 i - the cursed +0 trident "Riehaexi" (weapon) {freeze, +Inv rF+ rC+ Str+3}
   (You found it on level 5 of the Dungeon)

   It has been specially enchanted to freeze those struck by it, causing extra
   injury to most foes and up to half again as much damage against particularly
   susceptible opponents.
   It can also slow down cold-blooded creatures.
   It affects your strength (+3).
   It protects you from fire.
   It protects you from cold.
   It lets you turn invisible.
   It has a curse placed upon it.
Armour
 a - a +0 robe
 y - a +0 buckler
 A - a +1 robe of positive energy (worn)
Jewellery
 l - a +1 ring of evasion (left hand)
 r - an amulet of regeneration (around neck)
Wands
 D - a wand of draining (10)
Scrolls
 d - 2 scrolls of immolation {unknown}
 e - 2 scrolls of amnesia {unknown}
 f - 6 scrolls of remove curse {unknown}
 j - 6 scrolls of identify {unknown}
 p - a scroll of recharging {unknown}
 q - 2 scrolls of enchant armour {unknown}
 t - a scroll of noise {unknown}
 u - 2 scrolls of magic mapping {unknown}
 w - 2 scrolls of fog {unknown}
 x - 2 scrolls of teleportation {unknown}
Potions
 g - 3 potions of lignification {unknown}
 h - 3 potions of mutation {unknown}
 k - a potion of invisibility {unknown}
 m - 2 potions of curing {unknown}
 n - 5 potions of brilliance {unknown}
 o - 2 potions of resistance {unknown}
 s - 2 potions of might {unknown}
 v - a potion of flight {unknown}
 B - a potion of magic {unknown}
 C - a potion of poison {unknown}
Books
 b - a book of Air

   Spells                             Type                      Level
   a - Shock                          Conjuration/Air              1
   b - Swiftness                      Charms/Air                   2
   c - Repel Missiles                 Charms/Air                   2
   d - Static Discharge               Conjuration/Air              3
   e - Lightning Bolt                 Conjuration/Air              5
Comestibles
 c - 5 bread rations
 z - 3 fruits
 E - 11 chunks of flesh


   Skills:
 - Level 2.1 Dodging
 - Level 2.0 Stealth
 - Level 5.0 Spellcasting
 + Level 9.0 Conjurations
 + Level 7.0 Air Magic


You had 8 spell levels left.
You knew the following spells:

 Your Spells              Type           Power        Failure   Level  Hunger
a - Shock                 Conj/Air       ####         1%          1    None
b - Static Discharge      Conj/Air       ####....     1%          3    ###....
c - Repel Missiles        Chrm/Air       ###...       6%          2    #......
d - Swiftness             Chrm/Air       ###.....     6%          2    #......
e - Sting                 Conj/Pois      ###.         2%          1    None


Dungeon Overview and Level Annotations

Branches:
Dungeon (7/15)
 Temple: D:4-7

Altars:
Cheibriados
Fedhas
Okawaru
Qazlal
Vehumet

Annotations:
D:5 Grinder
D:7 Joseph


Innate Abilities, Weirdness & Mutations

You have a beak for a mouth.
You have claws for feet.
You can fly.
Your magical capacity is low (-10% MP).
Your system is resistant to poisons.
Your muscles are strong. (Str +2)


Message History

The lightning grounds out.
Casting: Static Discharge
Confirm with . or Enter, or press ? or * to list all spells.
Joseph is struck by lightning.
Joseph is moderately wounded.
The lightning arcs!
You are struck by lightning.
The lightning arcs!
Joseph is struck by lightning.
Joseph is moderately wounded.
The lightning grounds out.
Joseph hits you with an uncursed quarterstaff!
* * * LOW HITPOINT WARNING * * *
Casting: Static Discharge
Confirm with . or Enter, or press ? or * to list all spells.
Joseph is struck by lightning.
Joseph is moderately wounded.
The lightning arcs!
You are struck by lightning.
* * * LOW HITPOINT WARNING * * *
The lightning grounds out.
Joseph hits you with an uncursed quarterstaff!
You die... ###.############ ......@@<....(.. ###.###########.

You could see Joseph.

Vanquished Creatures
  Duvessa (D:4)
  A sky beast (D:6)
  An ogre (D:6)
  Dowan (D:4)
  5 wights (D:6)
  A crimson imp (D:3)
  An iguana (D:5)
  A giant frog skeleton (D:5)
  3 orc priests (D:6)
  4 hounds
  A worker ant (D:6)
  A gnoll shaman (D:6)
  A hound zombie (D:5)
  A hound skeleton (D:4)
  5 gnolls (D:6)
  11 adders
  A shadow imp (D:6)
  An adder zombie (D:5)
  A worm (D:5)
  2 giant geckos (D:3)
  13 orcs
  8 bats
  8 giant cockroaches
  3 hobgoblins (D:1)
  5 kobolds
  A quokka (D:4)
  A ball python (D:3)
  3 giant newts
  5 goblins
  6 jackals (D:2)
  7 rats
104 creatures vanquished.

Notes
Turn   | Place    | Note
--------------------------------------------------------------
     0 | D:1      | st0uf the Tengu Air Elementalist began the quest for the Orb.
     0 | D:1      | Reached XP level 1. HP: 10/10 MP: 4/4
   336 | D:1      | Reached XP level 2. HP: 15/15 MP: 3/6
  1363 | D:2      | Reached XP level 3. HP: 19/19 MP: 1/8
  1721 | D:2      | Reached XP level 4. HP: 15/24 MP: 0/9
  2302 | D:3      | Learned a level 3 spell: Static Discharge
  2389 | D:3      | Found a radiant altar of Vehumet.
  2603 | D:3      | Became a worshipper of Vehumet
  2762 | D:3      | Noticed a phantom
  3187 | D:3      | Gained mutation: You can fly. [Tengu growth]
  3187 | D:3      | Reached XP level 5. HP: 28/28 MP: 6/11
  3234 | D:3      | Learned a level 2 spell: Repel Missiles
  3237 | D:3      | Learned a level 2 spell: Swiftness
  3539 | D:3      | Reached skill level 5 in Conjurations
  4103 | D:4      | Reached XP level 6. HP: 28/32 MP: 7/13
  4480 | D:4      | Noticed Dowan
  4490 | D:4      | Killed Dowan
  4490 | D:4      | Reached * piety under Vehumet
  4490 | D:4      | Offered knowledge of Sting by Vehumet.
  4495 | D:4      | Noticed Duvessa
  4767 | D:4      | Killed Duvessa
  4767 | D:4      | Reached skill level 6 in Conjurations
  5756 | D:5      | Entered Level 5 of the Dungeon
  5884 | D:5      | Noticed Grinder
  5992 | D:5      | Reached XP level 7. HP: 36/36 MP: 11/15
  6078 | D:5      | Found an iron altar of Okawaru.
  6078 | D:5      | Found a snail-covered altar of Cheibriados.
  6285 | D:5      | Found a blossoming altar of Fedhas.
  6292 | D:5      | Found a stormy altar of Qazlal.
  6305 | D:5      | Got a slimy trident
  6306 | D:5      | Identified the cursed +0 trident "Riehaexi" {freeze, +Inv rF+ rC+ Str+3} (You found it on level 5 of the Dungeon)
  6334 | D:5      | Reached skill level 5 in Spellcasting
  6888 | D:6      | Reached skill level 7 in Conjurations
  7162 | D:6      | Reached skill level 5 in Air Magic
  7322 | D:5      | Learned a level 1 spell: Sting
  7473 | D:6      | Reached skill level 8 in Conjurations
  7478 | D:6      | Gained mutation: Your muscles are strong. (Str +2) [mutagenic meat]
  7479 | D:6      | Gained mutation: Your magical capacity is low (-10% MP). [mutagenic meat]
  7481 | D:6      | Gained mutation: Your system is resistant to poisons. [mutagenic meat]
  7633 | D:6      | Reached XP level 8. HP: 41/41 MP: 11/15
  7809 | D:6      | Reached skill level 9 in Conjurations
  7992 | D:7      | Noticed Joseph
  7997 | D:7      | HP: 2/41 [Joseph/uncursed quarterstaff (14)]
  7998 | D:7      | Mangled by Joseph

Vault maps used:
D:1:      lightli_arrival_maybe_door_vault, minivault_26
D:3:      old_standard_altar, st_stairs_1, lightli_corner_chamber
D:4:      first_bread, uniq_duvessa
D:5:      grunt_temple_overflow_forces_of_nature,
          gammafunk_temple_overflow_elements, serial_corexii_hall,
          corexii_hall_statues_l, corexii_hall_statues_x, uniq_grinder
D:7:      grunt_temple_overflow_order_and_chaos_1, minmay_temple_entry_mist,
          kennysheep_small_square, uniq_joseph

Action                   |  1- 3 |  4- 6 |  7- 9 || total
-------------------------+-------+-------+-------++-------
Melee: Unarmed           |     8 |    16 |       ||    24
       Trident           |       |       |     3 ||     3
 Cast: Shock             |    76 |   120 |    96 ||   292
       Static Discharge  |       |    20 |     9 ||    29
       Repel Missiles    |       |     1 |       ||     1
       Sting             |       |       |    11 ||    11
 Abil: Fly               |       |       |     1 ||     1
 Stab: Sleeping          |       |       |     1 ||     1
  Eat: Chunk             |     3 |    13 |     7 ||    23
       Meat ration       |       |     1 |       ||     1
       Fruit             |       |       |     2 ||     2
